 Dungeon Crawl Stone Soup version 0.29-a0-275-g389c0b56f3 (webtiles) character file.

Game seed: 6456510507094877278

16196 AlphaWarrior the Basher (level 12, -11/103 HPs)
             Began as a Minotaur Abyssal Knight on Mar 11, 2022.
             Was a High Priest of Lugonu.
             Killed by divine providence
             ... invoked by an orc priest
              (12 damage)
             ... on level 2 of the Orcish Mines.
             The game lasted 01:53:57 (14290 turns).

AlphaWarrior the Basher (Minotaur Abyssal Knight)  Turns: 14290, Time: 01:53:58

Health: -11/103    AC: 29    Str: 29    XL:     12   Next: 7%
Magic:  15/16      EV: 10    Int:  7    God:    Lugonu [*****.]
Gold:   1882       SH:  4    Dex: 11    Spells: 11/11 levels left

rFire   . . .      SeeInvis .   L - +5 flail
rCold   . . .      Faith    .   T - +0 buckler
rNeg    . . .      Spirit   .   O - +6 crystal plate armour of Loss {+Blink}
rPois   .          Reflect  .   (helmet restricted)
rElec   .          Harm     .   E - scarf {repulsion}
rCorr   .          Rampage  .   Y - +1 pair of gloves
Will    .....                   (no boots)
Stlth   ..........              (no amulet)
HPRegen 0.27/turn               K - +6 ring of strength
MPRegen 0.15/turn               F - +4 ring of evasion

@: repel missiles
A: horns 2, retaliatory headbutt
a: Renounce Religion, Evoke Blink, Depart the Abyss, Bend Space, Banish,
Corrupt, Enter the Abyss


You were on level 2 of the Orcish Mines.
You worshipped Lugonu.
Lugonu was extremely pleased with you.
You visited 3 branches of the dungeon, and saw 15 of its levels.
You visited the Abyss 1 time.

You collected 2132 gold pieces.
You spent 250 gold pieces at shops.

Inventory:

Hand Weapons
 l - the +8 whip of Fegotzaof {elec, Int+3}
   (You found it on level 2 of the Dungeon)

   It occasionally discharges a powerful burst of electricity upon striking a
   foe.
   Int:       It affects your intelligence (+3).
 u - a +4 mace
 z - a +4 battleaxe
 A - a +1 whip of chaos
 B - a +2 whip of distortion
 L - a +5 flail (weapon)
 M - a +3 dire flail
 S - a +2 whip of electrocution
 X - a +0 giant spiked club
Missiles
 c - 368 stones
 n - 18 poisoned darts
 r - 6 atropa-tipped darts
 P - 3 boomerangs (quivered)
 R - 3 throwing nets
 W - 2 silver boomerangs
Armour
 t - +0 steam dragon scales
 x - a +0 troll leather armour
 C - a +1 ring mail of fire resistance
 E - a scarf of repulsion (worn)
 I - a +0 plate armour
 O - the +6 crystal plate armour of Loss (worn) {+Blink}
   (You acquired it on level 10 of the Dungeon)

   +Blink:    It lets you blink.
 T - a +0 buckler (worn)
 Y - a +1 pair of gloves (worn)
Magical Staves
 w - a staff of cold
Jewellery
 h - a ring of protection from cold
 F - a +4 ring of evasion (right hand)
 G - a ring of wizardry
 K - a +6 ring of strength (left hand)
Wands
 a - a wand of flame (22)
 k - a wand of acid (25)
 N - a wand of digging (2)
 U - a wand of iceblast (5)
Scrolls
 i - 2 scrolls of enchant weapon
 j - 4 scrolls of teleportation
 m - 4 scrolls of blinking
 s - 3 scrolls of identify
 v - 2 scrolls of vulnerability
 y - 8 scrolls of amnesia
 D - 2 scrolls of fog
 H - 3 scrolls of enchant armour
 Q - a scroll of fear
 V - 2 scrolls of brand weapon
Potions
 b - a potion of attraction
 d - 2 potions of cancellation
 e - a potion of haste
 f - a potion of magic
 g - 3 potions of curing
 o - a potion of lignification
 p - a potion of resistance
 q - 2 potions of might
 Z - 2 potions of heal wounds
Miscellaneous
 J - a lightning rod (4/4)


   Skills:
 + Level 8.4 Fighting
 + Level 3.1(8.1) Axes
 + Level 11.6(11.8) Maces & Flails
 + Level 10.2 Throwing
 + Level 11.2 Armour
 + Level 2.6 Dodging
 + Level 1.8 Stealth
 + Level 2.0 Shields
 * Level 7.7 Invocations
 + Level 0.2 Evocations


You had 11 spell levels left.
You didn't know any spells.
Your spell library contained the following spells:

 Spells                   Type           Power      Damage    Failure   Level
 Animate Skeleton         Necr           0%         N/A       100%        1
 Freeze                   Ice            0%         1d3       100%        1
 Pain                     Necr           0%         1d4       100%        1
 Confusing Touch          Hex            0%         N/A       100%        3
 Dazzling Flash           Conj/Hex       0%         N/A       100%        3
 Frozen Ramparts          Ice            0%         1d2       100%        3
 Vampiric Draining        Necr           0%         2d6       100%        3
 Hailstorm                Conj/Ice       0%         3d3       100%        4
 Ice Form                 Ice/Tmut       0%         N/A       100%        4
 Iskenderun's Mystic Bla  Conj/Tloc      0%         2d3       100%        4
 Summon Ice Beast         Ice/Summ       0%         N/A       100%        4
 Fireball                 Conj/Fire      0%         3d3       100%        5
 Iskenderun's Battlesphe  Conj           0%         2d6       100%        5
 Yara's Violent Unravell  Hex/Tmut       0%         3d3       100%        5
 Conjure Ball Lightning   Conj/Air       0%         3x3d6     100%        6
 Starburst                Conj/Fire      0%         6d3       100%        6
 Enfeeble                 Hex            0%         N/A       100%        7
 Orb of Destruction       Conj           0%         9d5       100%        7


Dungeon Overview and Level Annotations

Branches:
Dungeon (12/15)            Temple (1/1) D:5            Lair (0/6) D:9
    Orc (2/2) D:12
    Elf: Orc:2

Altars:
Ashenzari
Cheibriados
Dithmenos
Elyvilon
Fedhas
Gozag
Hepliaklqana
Kikubaaqudgha
Makhleb
Nemelex Xobeh
Okawaru
Qazlal
Ru
Sif Muna
Trog
Uskayaw
Vehumet
Wu Jian
Xom
Yredelemnul
Zin
The Shining One

Shops:
D:4 (?   D:8 !   D:9 :   D:11 [   Orc:2 =

Annotations:
Abyss:1 Erolcha


Innate Abilities, Weirdness & Mutations

You have a pair of horns on your head.
You reflexively headbutt those who attack you in melee.


Message History

Here: a sun demon (summoned)
The floor.
You closely miss the orc warrior. Your headbutt misses the orc warrior.
You sock the orc wizard! You headbutt the orc wizard.
The orc wizard is severely wounded.
The orc wizard hits you but does no damage.
You barely miss the orc wizard. Your headbutt misses the orc wizard.
The orc wizard is severely wounded.
You hear some strange, mumbled words.
Something tries to affect you, but you resist.
The orc warrior throws a boomerang.
The boomerang barely misses you. The orc wizard misses you.
You block the orc warrior's attack.
You sock the orc wizard!
You kill the orc wizard!
Lugonu accepts your kill.
An orc comes into view. It is wielding a +0 war axe.
The orc warrior hits you with a +0 short sword.
The orc warrior attacks as you move away!
The orc warrior hits you with a +0 short sword. 3 ogres come into view.
Found Ridwul's Jewellery Shop.
The ogre shouts! x2; You hear a shout! x2; You hear two shouts! x4
You hear a shout! x3
The orc priest calls down the wrath of Beogh upon you.
Beogh smites you!
An ogre comes into view. It is wielding a +0 giant club. x2
Space bends sharply around you!
You blink.
An ogre comes into view. It is wielding a +0 giant spiked club.
The orc warrior throws a boomerang.
Reactivating autopickup.
A troll comes into view.
You hit the sun demon. You headbutt the sun demon!
The sun demon is lightly wounded.
The sun demon hits you!
* * * LOW HITPOINT WARNING * * *
You are engulfed in flames!
* * * LOW HITPOINT WARNING * * *
The orc priest calls down the wrath of Beogh upon you.
Beogh smites you!
You die...

.. ... ##
..#.....
#.#.#.......OO
............O
#.......#...
###..#.....T
##....#..O.O.
#...@#.....#
##.##3o.oo# #
##..o.###
##o....##
##..oo.#
##.#..###
###.o.o###
##o..o.##
#oo...$#


You could see a sun demon (summoned), 2 orc warriors, an orc priest and 4 orcs.

Vanquished Creatures
  A hydra (D:11)
  A boulder beetle (D:11)
  A two-headed ogre (D:11)
  A centaur warrior (D:8)
  Sonja (D:10)
  2 manticores
  The ghost of Murumi the Skirmisher, an amateur OgGl of Gozag (D:4)
  An efreet (D:8)
  2 trolls
  A slime creature (D:8)
  5 wyverns
  15 yaks
  A fire elemental (D:11)
  A steam dragon (D:9)
  3 vampire mosquitoes (D:11)
  A warg (Orc:2)
  An acid dragon (D:11)
  A water moccasin (D:8)
  3 ice beasts
  11 orc warriors
  A black bear (D:4)
  2 sky beasts (D:7)
  4 ogres (Orc:1)
  4 centaurs
  2 kobold brigands
  A bullfrog (D:9)
  3 necrophages
  3 gnoll sergeants
  8 wights
  12 killer bees
  An electric eel (D:11)
  3 howler monkeys
  2 hounds
  5 gnoll shamans
  10 orc priests
  Ijyb (D:4)
  2 jellies
  7 iguanas
  5 orc wizards
  32 gnolls
  7 adders
  An ufetubus (D:5)
  A worm (D:4)
  3 dart slugs
  33 orcs
  7 ball pythons
  4 endoplasms
  A giant cockroach (D:1)
  5 goblins
  4 hobgoblins
  13 jackals
  17 kobolds
  4 quokkas
  A bat (D:2)
  A frilled lizard (D:1)
  7 rats
  A butterfly (D:5)
272 creatures vanquished.

Vanquished Creatures (others)
  An orc wizard (Orc:2)
  A plant (D:9)
2 creatures vanquished.

Grand Total: 274 creatures vanquished

Notes
Turn   | Place    | Note
-------+----------+-------------------------------------------
     0 | Abyss:1  | AlphaWarrior the Minotaur Abyssal Knight began the quest
                  | for the Orb.
     0 | Abyss:1  | Reached XP level 1. HP: 19/19 MP: 1/1
     9 | D:1      | Escaped the Abyss
   471 | D:1      | Reached XP level 2. HP: 27/27 MP: 2/2
   851 | D:1      | Found a faded altar of an unknown god.
  1426 | D:2      | Reached skill level 1 in Throwing
  1426 | D:2      | Reached XP level 3. HP: 32/34 MP: 3/3
  1482 | D:2      | Found a shimmering altar of Xom.
  1488 | D:2      | Identified the +8 whip of Fegotzaof {elec, Int+3}
  1578 | D:2      | Reached *** piety under Lugonu
  1847 | D:2      | Reached XP level 4. HP: 41/41 MP: 4/4
  3039 | D:4      | Reached XP level 5. HP: 44/47 MP: 5/5
  3097 | D:4      | Found a shimmering altar of Xom.
  3098 | D:4      | Noticed an angel
  3099 | D:4      | Found a glowing silver altar of Zin.
  3397 | D:4      | Found Zexal's Antique Weapon Emporium.
  3420 | D:4      | Noticed Ijyb
  3437 | D:4      | Killed Ijyb
  3522 | D:4      | Reached XP level 6. HP: 50/53 MP: 6/6
  3549 | D:4      | Found Bamun's Magic Scroll Shop.
  3559 | D:4      | Bought a scroll of identify for 26 gold pieces
  3559 | D:4      | Bought a scroll of identify for 26 gold pieces
  3805 | D:4      | Found a runed translucent gate.
  3805 | D:4      | Found a runed translucent gate.
  3820 | D:4      | Noticed Murumi's ghost (amateur OgGl)
  3821 | D:4      | Found a runed translucent gate.
  3862 | D:4      | HP: 1/55 [black bear (4)]
  3864 | D:4      | Reached skill level 5 in Armour
  4187 | D:4      | Found Uggit's Weapon Shoppe.
  4610 | D:4      | Reached **** piety under Lugonu
  4611 | D:4      | Reached skill level 5 in Fighting
  4928 | D:4      | Killed Murumi's ghost
  4929 | D:4      | Reached skill level 1 in Axes
  4929 | D:4      | Reached skill level 5 in Maces & Flails
  4929 | D:4      | Reached skill level 1 in Stealth
  4929 | D:4      | Reached XP level 7. HP: 54/61 MP: 7/7
  4978 | D:5      | Entered Level 5 of the Dungeon
  4978 | D:5      | Found a hide-covered altar of Uskayaw.
  4983 | D:5      | Found an ornate altar of the Wu Jian Council.
  4999 | D:5      | Found a basalt altar of Yredelemnul.
  5375 | D:5      | Reached XP level 8. HP: 53/70 MP: 8/8
  5473 | D:5      | Found a blossoming altar of Fedhas.
  5548 | D:5      | Identified a scroll of acquirement
  5548 | D:5      | Acquired 1287 gold pieces
  5776 | D:5      | Found a staircase to the Ecumenical Temple.
  5905 | Temple   | Entered the Ecumenical Temple
  6125 | D:6      | Found an ancient bone altar of Kikubaaqudgha.
  6266 | D:6      | Reached skill level 5 in Throwing
  6490 | D:6      | Found a radiant altar of Vehumet.
  6897 | D:7      | Reached XP level 9. HP: 72/75 MP: 9/9
  8370 | D:8      | Noticed a two-headed ogre
  8412 | D:8      | Banished a two-headed ogre
  8413 | D:8      | Reached XP level 10. HP: 20/84 MP: 6/11
  8810 | D:8      | Noticed a centaur warrior
  8833 | D:8      | Killed a centaur warrior
  9633 | D:8      | Found Osexot's Distillery.
  9650 | D:8      | Bought 2 potions of might for 88 gold pieces
  9650 | D:8      | Bought a potion of haste for 110 gold pieces
  9948 | D:8      | Found a snail-covered altar of Cheibriados.
 10074 | D:9      | Found Ygyokkao's Self-Improvement Boutique.
 10074 | D:9      | Noticed Erolcha
 10076 | D:9      | Banished Erolcha
 10077 | D:9      | Reached skill level 10 in Armour
 10077 | D:9      | Reached skill level 5 in Invocations
 10080 | D:9      | Reached skill level 10 in Maces & Flails
 10147 | D:9      | Found a staircase to the Lair.
 10224 | D:9      | Found a white marble altar of Elyvilon.
 10225 | D:9      | Found a bloodstained altar of Trog.
 10261 | D:9      | Reached XP level 11. HP: 84/92 MP: 14/14
 10573 | D:9      | Found a glowing golden altar of the Shining One.
 10863 | D:10     | Entered Level 10 of the Dungeon
 11020 | D:10     | Noticed Sonja
 11032 | D:10     | Killed Sonja
 11234 | D:10     | Acquired the +6 crystal plate armour of Loss {+Blink}
 11271 | D:10     | Reached skill level 1 in Shields
 11271 | D:10     | Reached ***** piety under Lugonu
 11894 | D:11     | Found an ancient bone altar of Kikubaaqudgha.
 12015 | D:11     | Noticed a seven-headed hydra
 12015 | D:11     | Noticed a two-headed ogre
 12024 | D:11     | Killed a seven-headed hydra
 12030 | D:11     | Killed a two-headed ogre
 12200 | D:11     | Found Pott's Armour Shop.
 12558 | D:11     | Noticed a boulder beetle
 12574 | D:11     | Killed a boulder beetle
 13529 | D:12     | Found a staircase to the Orcish Mines.
 13563 | Orc:1    | Entered Level 1 of the Orcish Mines
 13590 | Orc:1    | Reached skill level 10 in Throwing
 13754 | Orc:1    | Noticed an orc warlord
 13784 | Orc:1    | Banished an orc warlord
 13785 | Orc:1    | Reached XP level 12. HP: 44/103 MP: 4/16
 14238 | Orc:2    | Entered Level 2 of the Orcish Mines
 14285 | Orc:2    | Found Ridwul's Jewellery Shop.
 14290 | Orc:2    | HP: 1/103 [sun demon[an orc sorcerer] (17)]
 14290 | Orc:2    | Killed from afar by an orc priest

Illustrated notes

Levels and vault maps discovered:
D:1:      dpeg_arrival_water_fire, layout_basic,
          shapermc_ecumenical_altar_flowoftime, lemuel_old_faithful
D:2:      layout_basic, basic_altar
D:3:      layout_loops_corners
D:4:      layout_gridville, grunt_temple_overflow_order_and_chaos_1,
          serial_shops, nicolae_shop_hallway_stairs, shop, nicolae_shop_crystal,
          gammafunk_ghost_nasty_kobolds, uniq_ijyb
D:5:      layout_loops_cross, lemuel_crystal_altar,
          nicolae_wu_jian_wuxing_cycle, mainiacjoe_overflow_large_starburst,
          minmay_temple_entry_butterflies, kennysheep_small_spiral
D:6:      layout_cave_pools, mainiacjoe_overflow_brackets,
          overflow_temple_1_default
D:7:      minmay_razor_zed, layout_loops_corners, kennysheep_generic_room_6
D:8:      minmay_diamond_stairs, layout_cave_pools,
          nicolae_overflow_hidden_temple, serial_shops, shop
D:9:      layout_long_grid, old_standard_altar, mainiacjoe_overflow_paths,
          lemuel_round_altar, dpeg_oklobed_lair, nicolae_shop_self_help,
          uniq_erolcha
D:10:     layout_loops_ring, uniq_sonja
D:11:     layout_loops_corners, nicolae_lava_and_water, nicolae_stop_n_shop_2,
          kiku_gazebo_pond_becter
D:12:     minmay_polygon_palace, layout_basic, gammafunk_ghost_necromancy,
          grunt_ogre_cave, minmay_diced_spiral
Temple:   compressed_dpeg_circular_temple
Orc:1:    layout_caves
Orc:2:    st_orc_open, layout_diamond_mine

Skill      XL: |  1  2  3  4  5  6  7  8  9 10 11 |
---------------+----------------------------------+-----
Fighting       | 4 5 6 7 8 |  8.4
Throwing       | 1 2 3 5 7 9 10 | 10.2
Maces & Flails | 3 5 6 8 10 11 | 11.6
Armour         | 3 4 5 6 8 9 10 11 | 11.2
Axes           | 1 2 3 |  3.1
Stealth        | 1 |  1.8
Dodging        | 2 |  2.6
Invocations    | 2 3 5 7 |  7.7
Shields        | 2 |  2.0
Evocations     | |  0.2

Action                   |  1- 3 |  4- 6 |  7- 9 | 10-12 || total
-------------------------+-------+-------+-------+-------++-------
Melee: Mace              |    53 |       |       |       ||    53
       Headbutt          |     8 |    15 |    40 |    72 ||   135
       Whip              |    16 |    81 |   192 |   288 ||   577
       War axe           |       |    13 |       |     4 ||    17
       Punch             |       |       |     2 |       ||     2
       Flail             |       |       |       |    39 ||    39
Throw: Stone             |    75 |    49 |     8 |     3 ||   135
       Dart              |       |       |    69 |    75 ||   144
       Boomerang         |       |       |       |    28 ||    28
Invok: Banish            |       |       |     6 |     4 ||    10
       Bend Space        |       |       |       |     5 ||     5
Evoke: Wand              |       |       |     1 |     5 ||     6
  Use: Scroll            |       |    11 |     4 |     7 ||    22
       Potion            |       |     3 |       |     2 ||     5
Armor: Scale mail        |    26 |    30 |     3 |       ||    59
       Leather armour    |     1 |       |       |       ||     1
       Chain mail        |       |       |    18 |       ||    18
       Plate armour      |       |       |    54 |    67 ||   121
       Crystal plate arm |       |       |       |    60 ||    60
Dodge: Dodged            |    43 |    53 |    70 |   150 ||   316
Block: Buckler           |       |       |       |    39 ||    39

Table legend: (Time is in decaauts)
 A = Elapsed time spent in this place.
 B = Non-inter-level travel time spent in this place.
 C = Inter-level travel time spent in this place.
 D = Time resting spent in this place.
 E = Time spent auto-exploring this place.
 F = Levels seen in this place.
 G = Mean time per level.
                   A        B        C        D        E       F      G
               +--------+--------+--------+--------+--------+-----+--------+
         Total |  14097 |  13775 |    322 |   2690 |   7020 |  16 |  881.1 |
       Dungeon |  13256 |  12934 |    322 |   2482 |   6730 |  12 | 1104.7 |
        Temple |    123 |    123 |      0 |      0 |     66 |   1 |  123.0 |
  Orcish Mines |    708 |    708 |      0 |    208 |    224 |   2 |  354.0 |
         Abyss |      9 |      9 |      0 |      0 |      0 |   1 |    9.0 |
               +--------+--------+--------+--------+--------+-----+--------+

Top non-repeatable levels by time:
     D:4: 1960 daAuts
     D:8: 1581 daAuts
    D:11: 1505 daAuts
     D:7: 1455 daAuts
     D:1: 1388 daAuts
    D:10: 936 daAuts
     D:5: 921 daAuts
     D:3: 888 daAuts
     D:9: 868 daAuts
     D:6: 813 daAuts
     D:2: 751 daAuts
   Orc:1: 661 daAuts
    D:12: 185 daAuts
  Temple: 123 daAuts
   Orc:2: 47 daAuts
